 Dungeon Crawl Stone Soup version 0.17.0-9-g801d43b (webtiles) character file.

6605 HungrySpirit the Grappler (level 10, 0/92 HPs)
             Began as a Purple Draconian Transmuter on Nov 9, 2015.
             Was a Priest of Qazlal.
             Slain by a steam dragon (4 damage)
             ... on level 10 of the Dungeon.
             The game lasted 00:25:10 (12392 turns).

HungrySpirit the Grappler (DrTm)                   Turns: 12392, Time: 00:25:11

Health: 0/92       AC:  6    Str: 15    XL:     10   Next: 71%
Magic:  13/18      EV:  5    Int: 14    God:    Qazlal [***...]
Gold:   283        SH:  4    Dex: 12    Spells: 4 memorised, 7 levels left

rFire  x . .     SeeInvis .       - Unarmed
rCold  + + +     Clarity  .     (armour unavailable)
rNeg   . . .     SustAt   +     (shield currently unavailable)
rPois  +         Gourm    .     (helmet currently unavailable)
rElec  .         Spirit   .     (cloak currently unavailable)
rCorr  .         Warding  .     (gloves currently unavailable)
rMut   +         Stasis   .     (boots currently unavailable)
MR     +....                    l - amulet of resist mutation
Stlth  +.........               B - ring of poison resistance
                                o - ring of sustain attributes

@: ice-form, very slightly contaminated, somewhat resistant to hostile
enchantments, very unstealthy
A: (breathe power), unfitting armour, (cold-blooded), AC +7
a: End Transformation, Upheaval, Elemental Force, Renounce Religion


You were on level 10 of the Dungeon.
You worshipped Qazlal.
Qazlal was most pleased with you.
You were not hungry.
You were a creature of crystalline ice.
You visited 2 branches of the dungeon, and saw 11 of its levels.

You collected 523 gold pieces.
You spent 240 gold pieces at shops.

Inventory:

Hand Weapons
 p - the +2 war axe "Loeg" {vamp, MP+9, unknown}
   (You took it off an orc on level 5 of the Dungeon)

   It inflicts no extra harm, but heals its wielder somewhat when it strikes a
   living foe.
   It affects your magic capacity (+9).
Missiles
 a - 97 arrows
Armour
 k - a cursed +0 buckler (melded)
 y - a +0 pair of boots (melded)
 C - a +0 cloak (melded)
Jewellery
 l - an amulet of resist mutation (around neck)
 n - an uncursed ring of wizardry
 o - a ring of sustain attributes (left front paw)
 w - an uncursed ring of fire
 B - a ring of poison resistance (right front paw)
Wands
 q - a wand of polymorph (4)
 F - a wand of fire (8)
Scrolls
 j - a scroll of immolation
 m - 9 scrolls of remove curse
 s - 2 scrolls of enchant armour {unknown}
 t - 5 scrolls of identify
 E - a scroll of enchant weapon
 G - a scroll of teleportation
Potions
 d - 3 potions of haste {unknown}
 e - 2 potions of cancellation
 f - a potion of degeneration
 i - 2 potions of heal wounds
 r - a potion of lignification {unknown}
 u - a potion of brilliance {unknown}
 v - a potion of agility {unknown}
 x - 3 potions of poison
 z - a potion of mutation {unknown}
Books
 b - a book of Changes

   Spells                             Type                      Level
   a - Beastly Appendage              Transmutation                1
   b - Sticks to Snakes               Transmutation                2
   c - Spider Form                    Transmutation/Poison         3
   d - Ice Form                       Ice/Transmutation            4
   e - Blade Hands                    Transmutation                5
 A - a Fen Folio

   Spells                             Type                      Level
   a - Corpse Rot                     Necromancy                   2
   b - Stone Arrow                    Conjuration/Earth            3
   c - Leda's Liquefaction            Hexes/Earth                  4
   d - Summon Forest                  Summoning/Translocation      5
   e - Hydra Form                     Transmutation                6
   f - Summon Hydra                   Summoning                    7
Comestibles
 c - 3 bread rations
 g - 20 fruits
 h - 4 meat rations
 D - 2 slices of pizza
 H - 3 chunks of flesh


   Skills:
 - Level 3.5 Fighting
 - Level 1.7 Dodging
 - Level 5.0 Shields
 * Level 10.9 Unarmed Combat
 + Level 5.6 Spellcasting
 + Level 7.6 Transmutations
 + Level 6.6 Ice Magic


You had 7 spell levels left.
You knew the following spells:

 Your Spells              Type           Power        Failure   Level  Hunger
a - Beastly Appendage     Trmt           ####..       1%          1    None
b - Sticks to Snakes      Trmt           ####......   1%          2    ##.....
c - Ice Form              Ice/Trmt       ###.....     10%         4    ####...
d - Hydra Form            Trmt           ####......   91%         6    #######


Dungeon Overview and Level Annotations

Branches:
Dungeon (10/15)            Temple (1/1) D:4            Lair (0/8) D:8
    Orc: D:9-12

Altars:
Ashenzari
Cheibriados
Dithmenos
Elyvilon
Fedhas
Gozag
Kikubaaqudgha
Makhleb
Nemelex Xobeh
Okawaru
Qazlal
Ru
Sif Muna
Trog
Vehumet
Xom
Yredelemnul
Zin
The Shining One

Shops:
D:7 =

Annotations:
D:4 puimuR's ghost, amateur DsBe
D:10 Maud


Innate Abilities, Weirdness & Mutations

((You can breathe bolts of dispelling energy.))
((Your rich purple scales are hard (AC +7).))
Your body does not fit into most forms of armour.
((You are cold-blooded and may be slowed by cold attacks.))


Message History

The steam dragon bites you but does no damage.
The steam dragon barely misses you.
You punch the hill giant! You freeze the hill giant.
The hill giant is moderately wounded.
The steam dragon breathes steam at you. The ball of steam hits you!
The steam scalds you terribly!
The hill giant hits you with a giant club!
You feel yourself speed up. The steam dragon breathes steam at you.
The ball of steam hits you! The steam scalds you terribly!
* * * LOW HITPOINT WARNING * * *
You hear a shout!
There is a stone staircase leading up here.
You are engulfed in a cloud of scalding steam.
* * * LOW HITPOINT WARNING * * *
The hill giant is engulfed in a cloud of scalding steam.
The steam dragon is engulfed in roaring flames.
The steam dragon bites you but does no damage.
The steam dragon claws you.
You die...

## .# ##### .. #.#
#...# #
#.###..###.#.##.##
......#§.Y#......
........§DC§>...#
#####.#.....§#§#.##...
......#......#.#.#
#.........#.#.# #
#.........#.#.#
..#.........#.#.#
..'........D'.#.#
..##.........###.#


You could see a hill giant and a steam dragon.

Vanquished Creatures
  Pikel (D:7)
  Maurice (D:9)
  Joseph (D:9)
  2 centaur skeletons (D:10)
  2 two-headed ogres
  2 wyverns
  A wraith (D:10)
  3 hippogriffs
  Edmund (D:6)
  A phantom (D:9)
  3 orc warriors
  A necrophage (D:9)
  4 ogres
  A black bear (D:8)
  2 centaurs
  3 sky beasts
  6 giant frogs
  A water moccasin skeleton (D:4)
  4 scorpions
  An electric eel (D:10)
  3 giant frog zombies
  2 crimson imps
  A giant frog skeleton (D:10)
  4 iguanas
  5 jellies
  2 orc priests
  2 hounds
  5 orc wizards
  5 worker ants
  Terence (D:3)
  A hound zombie (D:7)
  A hound skeleton (D:6)
  A worker ant zombie (D:5)
  Robin (D:3)
  11 adders
  4 shadow imps
  5 worms
  2 adder skeletons (D:8)
  10 giant geckos
  30 orcs
  A ball python (D:5)
  2 giant cockroaches (D:2)
  22 goblins
  16 hobgoblins
  8 jackals
  14 kobolds
  8 bats
  A giant cockroach zombie (D:5)
  A giant gecko zombie (D:5)
  6 giant newts
  A jackal skeleton (D:5)
  A quokka skeleton (D:6)
  A quokka zombie (D:8)
  12 rats
231 creatures vanquished.

Vanquished Creatures (collateral kills)
  A hill giant (D:9)
  Prince Ribbit (D:5)
  An orc warrior (D:7)
  An ogre (D:6)
  An orc (D:4)
  3 jackals (D:4)
8 creatures vanquished.

Grand Total: 239 creatures vanquished

Notes
Turn   | Place    | Note
--------------------------------------------------------------
     0 | D:1      | HungrySpirit the Draconian Transmuter began the quest for the Orb.
     0 | D:1      | Reached XP level 1. HP: 16/16 MP: 3/3
   318 | D:1      | Reached XP level 2. HP: 23/23 MP: 3/5
   897 | D:1      | Learned a level 2 spell: Sticks to Snakes
  1017 | D:2      | Reached XP level 3. HP: 28/28 MP: 4/6
  2438 | D:3      | Reached XP level 4. HP: 31/36 MP: 5/7
  2449 | D:3      | Found an iron altar of Okawaru.
  2491 | D:3      | Reached skill level 4 in Unarmed Combat
  2913 | D:3      | Found a shadowy altar of Dithmenos.
  3189 | D:3      | Noticed Robin
  3222 | D:2      | Reached XP level 5. HP: 19/42 MP: 9/9
  3577 | D:3      | Killed Robin
  3630 | D:3      | Learned a level 4 spell: Ice Form
  3683 | D:3      | Noticed Terence
  3694 | D:3      | Killed Terence
  4060 | D:4      | Noticed puimuR's ghost (amateur DsBe)
  4482 | D:4      | Reached XP level 6. HP: 18/51 MP: 4/10
  4499 | D:4      | Reached skill level 5 in Unarmed Combat
  5155 | D:4      | Found a staircase to the Ecumenical Temple.
  5177 | Temple   | Entered the Ecumenical Temple
  5207 | Temple   | Became a worshipper of Qazlal Stormbringer
  5545 | D:5      | Entered Level 5 of the Dungeon
  5590 | D:5      | Noticed Prince Ribbit
  5610 | D:5      | Killed Prince Ribbit
  5735 | D:5      | Got a brightly glowing war axe {vamp}
  6369 | D:5      | Reached * piety under Qazlal
  6369 | D:5      | Your scales start taking on a rich purple colour.
  6369 | D:5      | Reached XP level 7. HP: 57/57 MP: 8/13
  6717 | D:6      | Reached skill level 1 in Ice Magic
  6730 | D:6      | Reached skill level 6 in Unarmed Combat
  6744 | D:6      | Noticed Edmund
  6772 | D:6      | Killed Edmund
  7050 | D:6      | Reached skill level 5 in Spellcasting
  7050 | D:6      | Reached XP level 8. HP: 45/63 MP: 15/15
  7581 | D:6      | Reached skill level 7 in Unarmed Combat
  7937 | D:7      | Reached skill level 5 in Transmutations
  8025 | D:7      | Found Viushovu's Jewellery Emporium.
  8034 | D:7      | Bought an uncursed ring of poison resistance for 240 gold pieces
  8106 | D:7      | Reached skill level 1 in Shields
  8414 | D:7      | Found a sparkling altar of Nemelex Xobeh.
  8504 | D:7      | Noticed Pikel
  8549 | D:7      | Killed Pikel
  8549 | D:7      | Reached skill level 8 in Unarmed Combat
  8549 | D:7      | Reached XP level 9. HP: 35/70 MP: 7/16
  8961 | D:7      | Reached ** piety under Qazlal
  9304 | D:8      | Found a staircase to the Lair.
  9572 | D:8      | Reached skill level 9 in Unarmed Combat
  9698 | D:8      | Found a blossoming altar of Fedhas.
  9704 | D:8      | Reached skill level 5 in Ice Magic
 10168 | D:9      | Noticed Maurice
 10341 | D:9      | Killed Maurice
 10341 | D:9      | Reached XP level 10. HP: 75/77 MP: 13/17
 10523 | D:9      | Reached *** piety under Qazlal
 10527 | D:9      | Reached skill level 10 in Unarmed Combat
 11261 | D:9      | Noticed Joseph
 11280 | D:9      | Killed Joseph
 11297 | D:9      | Noticed a hill giant
 11331 | D:9      | Killed a hill giant
 11331 | D:9      | Reached skill level 5 in Shields
 11552 | D:10     | Entered Level 10 of the Dungeon
 11575 | D:10     | Learned a level 6 spell: Hydra Form
 11717 | D:10     | HP: 2/92 [orc warrior/long sword (24)]
 12026 | D:10     | Noticed Maud
 12101 | D:10     | Noticed a hill giant
 12392 | D:10     | HP: 4/92 [steam dragon] (12)]
 12392 | D:10     | Slain by a steam dragon

Action                   |  1- 3 |  4- 6 |  7- 9 | 10-12 || total
-------------------------+-------+-------+-------+-------++-------
Melee: Unarmed           |   163 |   270 |   339 |   117 ||   889
 Cast: Beastly Appendage |    25 |    31 |    24 |     6 ||    86
       Sticks to Snakes  |       |    20 |    16 |    11 ||    47
       Ice Form          |       |       |     9 |    10 ||    19
 Abil: Breathe Dispellin |       |       |     1 |       ||     1
  Use: Scroll            |       |     8 |       |       ||     8
       Potion            |       |     8 |       |     1 ||     9
 Stab: Sleeping          |     2 |       |       |       ||     2
       Distracted        |       |       |     1 |       ||     1
  Eat: Chunk             |     5 |    13 |    14 |     6 ||    38
       Pizza             |       |     1 |       |       ||     1
       Beef jerky        |       |       |     1 |     1 ||     2
       Royal jelly       |       |       |       |     1 ||     1
